 Dungeon Crawl Stone Soup version 0.32-a0-450-g080537f31e (webtiles) character file.

Game seed: 13089978937105245252

33 Dittersdorf the Covered (level 3, -1/24 HPs)
             Began as a Gargoyle Fighter on Feb 23, 2024.
             Slain by Sigmund
             ... wielding a +0 scythe
              (6 damage)
             ... on level 3 of the Dungeon.
             The game lasted 00:02:23 (873 turns).

Dittersdorf the Covered (Gargoyle Fighter)           Turns: 873, Time: 00:02:23

Health: -1/24      AC: 11    Str: 21    XL:     3   Next: 29%
Magic:  3/3        EV:  9    Int:  8    God:
Gold:   22         SH:  4    Dex:  9    Spells: 2/2 levels left

rFire   . . .        a - +0 flail
rCold   . . .        c - +0 buckler
rNeg    + . .        b - +0 scale mail
rPois   ∞            (no helmet)
rElec   +            (no cloak)
rCorr   .            f - +0 pair of gloves
SInv    .            (no boots)
Will    .....        (no amulet) Stlth
                     (no ring)
HPRegen 0.24/turn    (no ring)
MPRegen 0.08/turn

%: no passive effects
@: no status effects
A: sickness immunity, AC +3, negative energy resistance 1, electricity
resistance, torment resistance 1, petrification resistance
a: no special abilities


You were on level 3 of the Dungeon.
You visited 1 branch of the dungeon, and saw 3 of its levels.

You collected 22 gold pieces.

Inventory:

Hand Weapons
 a - a +0 flail (weapon)
Armour
 b - a +0 scale mail (worn)
 c - a +0 buckler (worn)
 f - a +0 pair of gloves (worn)
Scrolls
 g - a scroll of teleportation {unknown}
 h - a scroll of enchant armour {unknown}
Potions
 d - 3 potions of might
 e - a potion of heal wounds {unknown}
 i - 3 potions of curing {unknown}
 j - a potion of haste {unknown}


   Skills:
 + Level 3.7 Fighting
 + Level 2.5 Maces & Flails
 + Level 3.7 Armour
 + Level 3.6 Shields


You had 2 spell levels left.
You didn't know any spells.
Your spell library was empty.

Dungeon Overview and Level Annotations

Branches:
Dungeon (2/15)

Altars:

Annotations:
D:3 Sigmund


Innate Abilities, Weirdness & Mutations

You are immune to sickness and miasma.
Your stone body is resilient. (AC +3)
You are immune to poison.
You resist negative energy. (rN+)
You are resistant to electric shocks. (rElec)
You are resistant to unholy torment.
You are immune to petrification.


Message History

You barely miss Sigmund.
Sigmund is lightly wounded.
Sigmund hits you but does no damage.
You closely miss Sigmund.
Sigmund is lightly wounded.
Sigmund hits you but does no damage.
You closely miss Sigmund.
Sigmund is lightly wounded.
You hit Sigmund.
Sigmund is moderately wounded.
Sigmund giggles. "Time to reap what you sow."
Sigmund hits you with a +0 scythe.
You sock Sigmund!
Sigmund is severely wounded.
Sigmund casts a spell at you.
You are confused.
You bump into the rock wall.
Sigmund hits you with a +0 scythe!
* * * LOW HITPOINT WARNING * * *
You bump into the rock wall.
Sigmund misses you.
You completely miss Sigmund.
Sigmund is severely wounded.
Sigmund hits you but does no damage.
You bump into the rock wall.
You bump into the rock wall.
You feel less confused. You block Sigmund's attack.
You barely miss Sigmund.
Sigmund is severely wounded.
Sigmund hits you but does no damage.
You sock Sigmund!
Sigmund is almost dead.
Sigmund hits you with a +0 scythe.
* * * LOW HITPOINT WARNING * * *
You barely miss Sigmund.
Sigmund is almost dead.
You barely miss Sigmund.
Sigmund is almost dead.
Sigmund hits you with a +0 scythe.
You die...
Sigmund begins carving another notch in his scythe.

.............##
##....†.###..##
#..........#..#
#..........##.##
#..........##..#
#....†.....###.##
#....####### #..#
#....##### ##.#
#..).....# #@#
#........# #@#
#........# #r#
##........# ...
............ ...
############.
..... ...?.
.......


You could see Sigmund and a rat.

Vanquished Creatures
  2 dart slugs (D:1)
  4 bats (D:1)
  An endoplasm (D:1)
  3 giant cockroaches (D:1)
  2 goblins
  3 hobgoblins (D:1)
  3 kobolds (D:1)
  3 quokkas (D:1)
  3 ball pythons
  A frilled lizard (D:3)
  3 rats (D:1)
28 creatures vanquished.

Notes
Turn   | Place    | Note
-------+----------+-------------------------------------------
     0 | D:1      | Dittersdorf the Gargoyle Fighter began the quest for the
                  | Orb.
     0 | D:1      | Reached XP level 1. HP: 14/14 MP: 1/1
    60 | D:1      | Reached XP level 2. HP: 14/19 MP: 2/2
   401 | D:1      | Reached XP level 3. HP: 23/23 MP: 3/3
   783 | D:2      | You fall into a shaft and drop 1 floor!
   839 | D:3      | Noticed Sigmund
   873 | D:3      | Slain by Sigmund

Illustrated notes

Levels and vault maps discovered:
D:1:      amcnicky_arrival_choice, layout_basic, serial_park_tiny_pond
D:2:      layout_basic
D:3:      layout_basic, grunt_temple_overflow_opulence, uniq_grinder,
          uniq_sigmund, uniq_robin

Action                     || total
---------------------------++-------
  Melee: Flail             ||   134
 Armour: Scale mail        ||   114
  Dodge: Dodged            ||    63
  Block: Buckler           ||    29

Table legend: (Time is in decaauts)
 A = Elapsed time spent in this place.
 B = Non-inter-level travel time spent in this place.
 C = Inter-level travel time spent in this place.
 D = Time resting spent in this place.
 E = Time spent auto-exploring this place.
 F = Levels seen in this place.
 G = Mean time per level.
                   A        B        C        D        E       F      G
               +--------+--------+--------+--------+--------+-----+--------+
         Total |    914 |    874 |     40 |     13 |    596 |   3 |  304.7 |
       Dungeon |    914 |    874 |     40 |     13 |    596 |   3 |  304.7 |
               +--------+--------+--------+--------+--------+-----+--------+

Top non-repeatable levels by time:
     D:1: 806 daAuts
     D:3: 98 daAuts
     D:2: 9 daAuts
